[ PARTIDA AOE2 · #475156548 ]
UnrankedBizantinos vs Sicilians
[ ANÁLISIS DE REPETICIÓN · EXTRAÍDO DE LA PARTIDA GRABADA ]
Feudal
6:47
Castillos
11:00
Imperial
27:22
| APM promedio | 25.9 |
| APM pico | 43 |
| eAPM promedio | 18.4 |
| Aldeanos / militares | 213 / 114 |
Foco
⚔️ 16.2% · 🌾 83.8%
Cataphract ×114
Feudal
7:13
Castillos
11:21
Imperial
25:14
| APM promedio | 23.7 |
| APM pico | 54 |
| eAPM promedio | 18.1 |
| Aldeanos / militares | 140 / 126 |
Foco
⚔️ 33.5% · 🌾 66.5%
Throwing Axeman ×92 · Knight ×18 · Battering Ram ×13 · Trade Cart ×6 · Monk ×2 · Trebuchet (Packed) ×1
Feudal
8:52
Castillos
12:26
Imperial
26:14
| APM promedio | 23.6 |
| APM pico | 49 |
| eAPM promedio | 17.9 |
| Aldeanos / militares | 156 / 294 |
Foco
⚔️ 32.6% · 🌾 67.4%
Spearman ×205 · Archer ×72 · Unknown (882) ×18 · Serjeant ×9 · Trebuchet (Packed) ×8
Feudal
9:41
Castillos
13:15
Imperial
37:11
| APM promedio | 33.7 |
| APM pico | 75 |
| eAPM promedio | 20.2 |
| Aldeanos / militares | 151 / 88 |
Foco
⚔️ 23.7% · 🌾 76.3%
Skirmisher ×58 · Genoese Crossbowman ×28 · Monk ×1 · Archer ×1
Feudal
8:26
Castillos
11:56
Imperial
28:42
| APM promedio | 35.8 |
| APM pico | 79 |
| eAPM promedio | 21.3 |
| Aldeanos / militares | 126 / 0 |
Foco
⚔️ 28.8% · 🌾 71.2%
Unknown (1968) ×95 · Unknown (1942) ×5
Feudal
10:07
Castillos
13:45
Imperial
26:31
| APM promedio | 20.3 |
| APM pico | 37 |
| eAPM promedio | 17.5 |
| Aldeanos / militares | 178 / 133 |
Foco
⚔️ 29.3% · 🌾 70.7%
Petard ×75 · Unknown (2586) ×58 · Spearman ×56 · Trebuchet (Packed) ×2
Feudal
7:35
Castillos
10:41
Imperial
26:13
| APM promedio | 41.2 |
| APM pico | 68 |
| eAPM promedio | 29.2 |
| Aldeanos / militares | 136 / 213 |
Foco
⚔️ 42.4% · 🌾 57.6%
Battle Elephant ×205 · Trade Cart ×17 · Knight ×6 · Monk ×2
Feudal
9:45
Castillos
13:16
Imperial
31:20
| APM promedio | 27.7 |
| APM pico | 94 |
| eAPM promedio | 20.2 |
| Aldeanos / militares | 185 / 226 |
Foco
⚔️ 32.1% · 🌾 67.9%
Spearman ×112 · Huskarl ×107 · Unknown (882) ×18 · Petard ×5 · Battering Ram ×2
Mapa de la partida
Recursos iniciales + cada clic de construcción. Líneas = muros · curvas = relieve. ◆ oro · ⬟ piedra · ● bayas · ✦ reliquia · ◌ hueco del cierre
Tu base· ✓ Cerrada en 11:00 · 0t muro · 8 puerta(s)
Base de SSx_Sinistro· ✓ Cerrada en 11:21 · 0t muro · 7 puerta(s)
Base de p0ni bL0ss0m· ✓ Cerrada en 12:26 · 0t muro · 7 puerta(s)
Base de aawwd· ✓ Cerrada en 13:15 · 0t muro · 6 puerta(s)
Base de Rank· ✓ Cerrada en 11:56 · 0t muro · 8 puerta(s)
Base de oceaningabyss· ✓ Cerrada en 13:45 · 0t muro · 6 puerta(s)
Base de EXILE | TurtleS3· ✓ Cerrada en 10:41 · 0t muro · 4 puerta(s)
Base de aureliusofrome· ✓ Cerrada en 13:16 · 0t muro · 7 puerta(s)
Terreno inicial suavizado · ◌ = hueco del cierre detectado · pasá el cursor para detalles
Inputs por minuto
— chrizbee - - SSx_Sinistro
Build order — chrizbee
Primeras 150 de 398 acciones detectadas
| 0:02 | Crear | Villager (Male) ×4 |
| 0:07 | Construir | Lumber Camp |
| 0:22 | Construir | Mill |
| 1:07 | Crear | Villager (Male) |
| 1:07 | Crear | Villager (Male) |
| 1:51 | Crear | Villager (Male) ×3 |
| 1:51 | Crear | Villager (Male) ×3 |
| 3:04 | Crear | Villager (Male) ×4 |
| 3:04 | Crear | Villager (Male) ×4 |
| 3:43 | Construir | Farm |
| 3:45 | Construir | Farm |
| 3:52 | Construir | Mining Camp |
| 4:08 | Crear | Villager (Male) |
| 4:16 | Construir | Farm |
| 4:33 | Investigar | Feudal Age |
| 5:55 | Crear | Villager (Male) |
| 5:56 | Crear | Villager (Male) |
| 6:47 | Edad | Edad Feudal |
| 6:48 | Construir | Market |
| 7:21 | Construir | Blacksmith |
| 7:38 | Crear | Villager (Male) |
| 8:20 | Investigar | Castle Age |
| 8:21 | Investigar | Castle Age |
| 9:22 | Investigar | Double-Bit Axe |
| 9:25 | Investigar | Horse Collar |
| 10:55 | Crear | Villager (Male) |
| 10:56 | Crear | Villager (Male) |
| 11:00 | Edad | Edad de los Castillos |
| 11:03 | Construir | Town Center |
| 11:44 | Crear | Villager (Male) |
| 12:08 | Construir | Town Center |
| 12:23 | Crear | Villager (Male) |
| 12:23 | Crear | Villager (Male) |
| 12:28 | Crear | Villager (Male) |
| 12:28 | Crear | Villager (Male) |
| 12:44 | Construir | Farm |
| 12:58 | Crear | Villager (Male) |
| 12:58 | Crear | Villager (Male) |
| 13:12 | Crear | Villager (Male) |
| 13:15 | Construir | Farm |
| 13:27 | Crear | Villager (Male) |
| 13:27 | Crear | Villager (Male) |
| 13:37 | Construir | Farm |
| 13:39 | Construir | Farm |
| 13:44 | Crear | Villager (Male) |
| 13:44 | Crear | Villager (Male) |
| 13:47 | Construir | Farm |
| 13:51 | Construir | Farm |
| 13:53 | Crear | Villager (Male) |
| 13:53 | Crear | Villager (Male) |
| 14:03 | Construir | Farm |
| 14:05 | Construir | Farm |
| 14:09 | Crear | Villager (Male) |
| 14:09 | Crear | Villager (Male) |
| 14:14 | Construir | Farm |
| 14:26 | Crear | Villager (Male) |
| 14:26 | Crear | Villager (Male) |
| 14:30 | Construir | Farm |
| 14:32 | Construir | Farm |
| 14:35 | Crear | Villager (Male) |
| 14:35 | Crear | Villager (Male) |
| 14:48 | Construir | Farm |
| 14:50 | Construir | Farm |
| 14:53 | Construir | Farm |
| 14:54 | Crear | Villager (Male) |
| 14:54 | Crear | Villager (Male) |
| 14:58 | Crear | Villager (Male) |
| 14:58 | Crear | Villager (Male) |
| 15:08 | Construir | Farm |
| 15:09 | Crear | Villager (Male) |
| 15:10 | Crear | Villager (Male) |
| 15:18 | Crear | Villager (Male) |
| 15:27 | Crear | Villager (Male) |
| 15:27 | Crear | Villager (Male) |
| 15:37 | Crear | Villager (Male) |
| 15:37 | Crear | Villager (Male) |
| 15:46 | Crear | Villager (Male) |
| 15:46 | Crear | Villager (Male) |
| 15:55 | Construir | Town Center |
| 15:57 | Crear | Villager (Male) ×2 |
| 16:03 | Construir | Farm |
| 16:05 | Crear | Villager (Male) |
| 16:05 | Crear | Villager (Male) |
| 16:13 | Construir | Farm |
| 16:17 | Crear | Villager (Male) |
| 16:18 | Crear | Villager (Male) |
| 16:23 | Crear | Villager (Male) |
| 16:23 | Crear | Villager (Male) |
| 16:26 | Construir | House |
| 16:28 | Construir | House |
| 16:35 | Investigar | Wheelbarrow |
| 16:44 | Construir | House |
| 16:45 | Construir | House |
| 16:45 | Construir | House |
| 16:46 | Construir | House |
| 16:51 | Crear | Villager (Male) |
| 17:00 | Crear | Villager (Male) ×2 |
| 17:01 | Crear | Villager (Male) ×2 |
| 17:10 | Crear | Villager (Male) |
| 17:10 | Crear | Villager (Male) |
| 17:22 | Crear | Villager (Male) |
| 17:22 | Crear | Villager (Male) |
| 17:33 | Crear | Villager (Male) |
| 17:33 | Crear | Villager (Male) |
| 17:55 | Construir | Town Center |
| 17:58 | Crear | Villager (Male) |
| 17:58 | Crear | Villager (Male) |
| 18:00 | Construir | House |
| 18:01 | Construir | House |
| 18:05 | Construir | Farm |
| 18:07 | Investigar | Bow Saw |
| 18:13 | Investigar | Heavy Plow |
| 18:16 | Crear | Villager (Male) |
| 18:16 | Crear | Villager (Male) |
| 18:22 | Crear | Villager (Male) |
| 18:22 | Crear | Villager (Male) |
| 18:27 | Construir | Mining Camp |
| 18:30 | Crear | Villager (Male) |
| 18:30 | Crear | Villager (Male) |
| 18:36 | Construir | Farm |
| 18:40 | Construir | Lumber Camp |
| 18:41 | Crear | Villager (Male) ×2 |
| 18:42 | Crear | Villager (Male) ×2 |
| 18:51 | Construir | Farm |
| 18:55 | Crear | Villager (Male) ×2 |
| 18:55 | Crear | Villager (Male) ×2 |
| 19:03 | Crear | Villager (Male) ×2 |
| 19:03 | Crear | Villager (Male) ×2 |
| 19:10 | Construir | Lumber Camp |
| 19:13 | Crear | Villager (Male) |
| 19:13 | Crear | Villager (Male) |
| 19:16 | Construir | House |
| 19:17 | Construir | House |
| 19:18 | Construir | House |
| 19:23 | Crear | Villager (Male) |
| 19:23 | Crear | Villager (Male) |
| 19:32 | Crear | Villager (Male) |
| 19:32 | Crear | Villager (Male) |
| 19:37 | Construir | Farm |
| 19:39 | Construir | Farm |
| 19:42 | Construir | Farm |
| 19:44 | Construir | Farm |
| 19:47 | Crear | Villager (Male) |
| 19:47 | Crear | Villager (Male) |
| 19:50 | Construir | Farm |
| 19:56 | Crear | Villager (Male) |
| 19:56 | Crear | Villager (Male) |
| 19:58 | Crear | Villager (Male) ×2 |
| 19:58 | Crear | Villager (Male) ×2 |
| 20:05 | Construir | House |
Build order — SSx_Sinistro
Primeras 150 de 442 acciones detectadas
| 0:02 | Crear | Villager (Male) |
| 0:02 | Crear | Villager (Male) |
| 0:02 | Crear | Villager (Male) |
| 0:07 | Construir | Lumber Camp |
| 0:14 | Construir | Mill |
| 0:20 | Crear | Villager (Male) |
| 1:09 | Crear | Villager (Male) |
| 1:24 | Crear | Villager (Male) |
| 1:51 | Crear | Villager (Male) |
| 2:36 | Crear | Villager (Male) |
| 3:20 | Crear | Villager (Male) |
| 3:42 | Crear | Villager (Male) |
| 3:56 | Crear | Villager (Male) |
| 3:57 | Crear | Villager (Male) |
| 3:59 | Investigar | Loom |
| 4:30 | Construir | Mining Camp |
| 4:37 | Investigar | Feudal Age |
| 5:05 | Investigar | Loom |
| 6:31 | Crear | Villager (Male) |
| 6:39 | Construir | House |
| 7:13 | Edad | Edad Feudal |
| 7:20 | Construir | Market |
| 7:21 | Crear | Villager (Male) |
| 7:26 | Construir | Blacksmith |
| 7:36 | Investigar | Double-Bit Axe |
| 7:42 | Crear | Villager (Male) |
| 8:08 | Construir | House |
| 8:09 | Construir | House |
| 8:29 | Construir | Farm |
| 8:41 | Investigar | Castle Age |
| 8:53 | Construir | Farm |
| 9:16 | Construir | Farm |
| 9:51 | Construir | Farm |
| 9:56 | Investigar | Forging |
| 10:09 | Investigar | Gold Mining |
| 10:21 | Construir | Farm |
| 10:30 | Crear | Villager (Male) |
| 11:21 | Edad | Edad de los Castillos |
| 11:24 | Crear | Villager (Male) |
| 11:28 | Construir | Farm |
| 11:30 | Crear | Villager (Male) |
| 11:33 | Construir | Farm |
| 11:34 | Construir | Farm |
| 12:02 | Construir | Town Center |
| 12:10 | Construir | Farm |
| 12:15 | Investigar | Bow Saw |
| 12:16 | Crear | Throwing Axeman |
| 12:17 | Crear | Throwing Axeman |
| 12:36 | Crear | Villager (Male) |
| 12:53 | Construir | Monastery |
| 12:57 | Crear | Throwing Axeman |
| 13:07 | Crear | Villager (Male) |
| 13:18 | Crear | Villager (Male) |
| 13:46 | Construir | Town Center |
| 13:55 | Crear | Villager (Male) |
| 14:00 | Crear | Monk |
| 14:05 | Crear | Villager (Male) |
| 14:11 | Investigar | Town Watch |
| 14:17 | Construir | Farm |
| 14:21 | Construir | Farm |
| 14:25 | Construir | Farm |
| 14:28 | Crear | Villager (Male) |
| 14:41 | Crear | Throwing Axeman |
| 15:01 | Crear | Villager (Male) |
| 15:08 | Crear | Villager (Male) |
| 15:08 | Crear | Villager (Male) |
| 15:13 | Construir | Farm |
| 15:14 | Construir | Farm |
| 15:18 | Crear | Villager (Male) |
| 15:24 | Crear | Villager (Male) |
| 15:34 | Construir | Farm |
| 15:43 | Crear | Monk |
| 15:54 | Crear | Villager (Male) |
| 15:56 | Crear | Villager (Male) |
| 16:02 | Crear | Villager (Male) |
| 16:09 | Construir | Farm |
| 16:13 | Construir | Farm |
| 16:18 | Construir | Farm |
| 16:19 | Crear | Villager (Male) |
| 16:22 | Crear | Villager (Male) |
| 16:24 | Crear | Villager (Male) |
| 16:53 | Crear | Villager (Male) |
| 16:56 | Crear | Villager (Male) |
| 16:56 | Crear | Villager (Male) |
| 17:01 | Construir | Farm |
| 17:03 | Construir | Farm |
| 17:05 | Crear | Villager (Male) |
| 17:09 | Crear | Villager (Male) |
| 17:19 | Crear | Villager (Male) |
| 17:35 | Construir | Stone Wall |
| 17:36 | Crear | Villager (Male) |
| 17:48 | Crear | Villager (Male) |
| 17:50 | Crear | Villager (Male) |
| 17:52 | Crear | Villager (Male) |
| 17:55 | Crear | Throwing Axeman |
| 18:11 | Construir | Town Center |
| 18:14 | Crear | Villager (Male) |
| 18:16 | Crear | Villager (Male) |
| 18:18 | Crear | Villager (Male) |
| 18:23 | Construir | House |
| 18:23 | Construir | House |
| 18:26 | Construir | House |
| 18:44 | Construir | Stone Wall |
| 18:50 | Construir | Stone Wall |
| 18:57 | Crear | Villager (Male) |
| 19:05 | Construir | Stone Wall |
| 19:12 | Investigar | Wheelbarrow |
| 19:13 | Crear | Throwing Axeman |
| 19:14 | Crear | Throwing Axeman |
| 19:34 | Crear | Villager (Male) |
| 19:36 | Crear | Throwing Axeman |
| 19:37 | Crear | Villager (Male) |
| 19:43 | Crear | Villager (Male) |
| 19:47 | Crear | Villager (Male) |
| 19:52 | Construir | Farm |
| 19:53 | Construir | Farm |
| 20:00 | Crear | Villager (Male) |
| 20:05 | Construir | Farm |
| 20:06 | Construir | Farm |
| 20:09 | Crear | Villager (Male) |
| 20:10 | Crear | Villager (Male) |
| 20:16 | Crear | Villager (Male) |
| 20:18 | Crear | Villager (Male) |
| 20:26 | Construir | Farm |
| 20:30 | Construir | Farm |
| 20:32 | Crear | Villager (Male) |
| 20:34 | Crear | Throwing Axeman |
| 20:40 | Construir | Mill |
| 20:43 | Construir | Farm |
| 20:43 | Construir | Farm |
| 20:43 | Construir | Farm |
| 20:44 | Construir | Farm |
| 20:44 | Construir | Farm |
| 20:44 | Construir | Farm |
| 20:46 | Construir | Farm |
| 20:46 | Construir | Farm |
| 20:46 | Construir | Farm |
| 20:47 | Construir | Farm |
| 20:47 | Construir | Farm |
| 20:54 | Construir | Farm |
| 20:55 | Construir | Farm |
| 20:57 | Crear | Villager (Male) |
| 20:58 | Crear | Villager (Male) |
| 21:20 | Construir | House |
| 21:23 | Construir | House |
| 21:24 | Construir | House |
| 21:25 | Construir | House |
| 21:26 | Construir | House |
| 21:27 | Construir | House |
| 21:30 | Crear | Villager (Male) |
Build order — p0ni bL0ss0m
Primeras 150 de 377 acciones detectadas
| 0:02 | Crear | Villager (Male) |
| 0:03 | Crear | Villager (Male) |
| 0:03 | Crear | Villager (Male) |
| 0:03 | Crear | Villager (Male) |
| 0:36 | Construir | Lumber Camp |
| 0:43 | Construir | Mill |
| 1:31 | Crear | Villager (Male) ×2 |
| 2:06 | Crear | Villager (Male) |
| 2:06 | Crear | Villager (Male) |
| 2:34 | Crear | Villager (Male) ×3 |
| 3:22 | Crear | Villager (Male) ×2 |
| 3:47 | Construir | Lumber Camp |
| 4:18 | Construir | Farm |
| 4:19 | Construir | Farm |
| 4:19 | Construir | Farm |
| 4:19 | Construir | Farm |
| 4:19 | Construir | Farm |
| 4:20 | Construir | Farm |
| 4:31 | Construir | Farm |
| 4:51 | Crear | Villager (Male) ×5 |
| 5:17 | Construir | Farm |
| 5:20 | Construir | Farm |
| 5:38 | Crear | Villager (Male) |
| 6:09 | Investigar | Feudal Age |
| 6:17 | Crear | Villager (Male) |
| 6:32 | Construir | Mining Camp |
| 6:49 | Crear | Villager (Male) |
| 8:52 | Edad | Edad Feudal |
| 8:53 | Construir | Blacksmith |
| 8:58 | Construir | Market |
| 9:45 | Investigar | Horse Collar |
| 9:46 | Investigar | Castle Age |
| 9:46 | Investigar | Castle Age |
| 10:09 | Investigar | Double-Bit Axe |
| 11:00 | Crear | Villager (Male) |
| 11:09 | Crear | Villager (Male) |
| 12:26 | Edad | Edad de los Castillos |
| 12:31 | Construir | Town Center |
| 12:37 | Construir | Town Center |
| 12:44 | Construir | Town Center |
| 13:00 | Investigar | Heavy Plow |
| 13:00 | Investigar | Bow Saw |
| 13:15 | Crear | Villager (Male) |
| 13:22 | Crear | Villager (Male) |
| 13:29 | Crear | Villager (Male) |
| 13:29 | Crear | Villager (Male) |
| 13:35 | Construir | House |
| 13:50 | Crear | Villager (Male) |
| 13:50 | Crear | Villager (Male) |
| 13:52 | Crear | Villager (Male) |
| 13:52 | Crear | Villager (Male) |
| 13:54 | Crear | Villager (Male) |
| 13:54 | Crear | Villager (Male) |
| 13:57 | Construir | Farm |
| 13:57 | Construir | Farm |
| 13:57 | Construir | Farm |
| 13:57 | Construir | Farm |
| 14:05 | Crear | Villager (Male) ×2 |
| 14:11 | Construir | Farm |
| 14:11 | Construir | Farm |
| 14:12 | Construir | Farm |
| 14:12 | Construir | Farm |
| 14:12 | Construir | Farm |
| 14:20 | Crear | Villager (Male) |
| 14:24 | Construir | Farm |
| 14:31 | Crear | Villager (Male) |
| 14:33 | Construir | Farm |
| 14:40 | Construir | Farm |
| 14:41 | Crear | Villager (Male) |
| 14:49 | Construir | Farm |
| 14:50 | Construir | Farm |
| 14:50 | Construir | Farm |
| 15:01 | Construir | Farm |
| 15:04 | Crear | Villager (Male) |
| 15:04 | Crear | Villager (Male) |
| 15:08 | Construir | Farm |
| 15:11 | Crear | Villager (Male) |
| 15:12 | Crear | Villager (Male) |
| 15:14 | Construir | Farm |
| 15:17 | Crear | Villager (Male) |
| 15:20 | Construir | Farm |
| 15:28 | Construir | Farm |
| 15:29 | Crear | Villager (Male) |
| 15:37 | Construir | Farm |
| 15:38 | Crear | Villager (Male) |
| 15:38 | Crear | Villager (Male) |
| 15:44 | Construir | Farm |
| 15:48 | Crear | Villager (Male) |
| 15:56 | Crear | Villager (Male) |
| 16:01 | Construir | Farm |
| 16:02 | Construir | Farm |
| 16:04 | Construir | Farm |
| 16:09 | Crear | Villager (Male) ×2 |
| 16:11 | Construir | Farm |
| 16:15 | Crear | Villager (Male) ×2 |
| 16:18 | Construir | Farm |
| 16:21 | Construir | House |
| 16:22 | Construir | House |
| 16:24 | Crear | Villager (Male) |
| 16:24 | Crear | Villager (Male) |
| 16:31 | Crear | Villager (Male) |
| 16:36 | Crear | Villager (Male) |
| 16:36 | Crear | Villager (Male) |
| 16:44 | Construir | Mining Camp |
| 16:46 | Crear | Villager (Male) ×2 |
| 16:46 | Crear | Villager (Male) ×2 |
| 16:55 | Construir | Farm |
| 16:58 | Crear | Villager (Male) |
| 17:04 | Construir | Farm |
| 17:07 | Crear | Villager (Male) ×2 |
| 17:19 | Construir | Farm |
| 17:22 | Crear | Villager (Male) ×3 |
| 17:25 | Construir | Farm |
| 17:26 | Construir | Farm |
| 17:29 | Construir | House |
| 17:30 | Construir | House |
| 17:32 | Crear | Villager (Male) |
| 17:40 | Construir | Farm |
| 17:42 | Crear | Villager (Male) ×3 |
| 17:47 | Crear | Villager (Male) |
| 18:09 | Investigar | Wheelbarrow |
| 18:19 | Crear | Villager (Male) ×5 |
| 18:33 | Construir | Stone Wall |
| 18:40 | Construir | Stone Wall |
| 18:41 | Construir | Stone Wall |
| 18:44 | Crear | Villager (Male) ×5 |
| 18:46 | Construir | Farm |
| 18:48 | Construir | Farm |
| 18:49 | Construir | Farm |
| 18:52 | Crear | Villager (Male) ×2 |
| 19:04 | Construir | Town Center |
| 19:21 | Crear | Villager (Male) |
| 19:30 | Construir | Farm |
| 19:33 | Construir | Farm |
| 19:34 | Construir | Farm |
| 19:34 | Investigar | Hand Cart |
| 19:48 | Investigar | Gold Mining |
| 19:51 | Crear | Villager (Male) ×2 |
| 19:57 | Construir | Gate |
| 20:05 | Construir | House |
| 20:06 | Construir | House |
| 20:06 | Construir | House |
| 20:07 | Construir | House |
| 20:12 | Crear | Villager (Male) ×5 |
| 20:19 | Construir | Mining Camp |
| 20:30 | Construir | Mining Camp |
| 20:32 | Crear | Villager (Male) ×5 |
| 20:41 | Construir | Town Center |
| 20:42 | Crear | Villager (Male) ×5 |
| 20:48 | Investigar | Loom |
Build order — aawwd
Primeras 150 de 404 acciones detectadas
| 0:00 | Crear | Villager (Male) |
| 0:01 | Crear | Villager (Male) |
| 0:01 | Crear | Villager (Male) |
| 0:05 | Construir | Lumber Camp |
| 0:10 | Construir | Mill |
| 0:14 | Crear | Villager (Male) |
| 1:11 | Crear | Villager (Male) |
| 1:23 | Crear | Villager (Male) |
| 1:53 | Crear | Villager (Male) |
| 1:53 | Crear | Villager (Male) |
| 2:07 | Crear | Villager (Male) |
| 2:33 | Crear | Villager (Male) |
| 2:41 | Crear | Villager (Male) |
| 3:01 | Crear | Villager (Male) |
| 3:08 | Crear | Villager (Male) |
| 3:39 | Crear | Villager (Male) |
| 3:56 | Crear | Villager (Male) |
| 3:56 | Crear | Villager (Male) |
| 3:58 | Crear | Villager (Male) |
| 4:19 | Crear | Villager (Male) |
| 4:55 | Crear | Villager (Male) |
| 5:20 | Construir | Farm |
| 5:23 | Construir | Farm |
| 5:25 | Construir | Farm |
| 5:37 | Construir | Farm |
| 5:38 | Construir | Farm |
| 5:42 | Construir | Farm |
| 5:44 | Construir | Farm |
| 5:50 | Crear | Villager (Male) |
| 5:58 | Construir | Farm |
| 6:19 | Investigar | Feudal Age |
| 7:23 | Construir | Mining Camp |
| 7:52 | Crear | Villager (Male) |
| 7:53 | Crear | Villager (Male) |
| 9:41 | Edad | Edad Feudal |
| 9:44 | Construir | Market |
| 9:46 | Construir | Blacksmith |
| 9:50 | Investigar | Double-Bit Axe |
| 10:35 | Investigar | Castle Age |
| 10:43 | Investigar | Horse Collar |
| 12:08 | Investigar | Wheelbarrow |
| 13:15 | Edad | Edad de los Castillos |
| 13:18 | Construir | Town Center |
| 13:31 | Construir | Town Center |
| 13:33 | Crear | Villager (Male) |
| 14:01 | Construir | Town Center |
| 14:04 | Crear | Villager (Male) |
| 14:30 | Construir | Palisade Gate |
| 14:33 | Construir | Palisade Wall |
| 14:38 | Construir | Palisade Wall |
| 14:44 | Crear | Villager (Male) |
| 14:49 | Construir | Palisade Wall |
| 14:59 | Crear | Villager (Male) |
| 15:01 | Investigar | Bow Saw |
| 15:06 | Crear | Villager (Male) |
| 15:09 | Crear | Villager (Male) |
| 15:10 | Crear | Villager (Male) |
| 15:13 | Crear | Villager (Male) |
| 15:17 | Crear | Villager (Male) |
| 15:20 | Construir | Farm |
| 15:22 | Construir | Farm |
| 15:36 | Crear | Villager (Male) |
| 15:38 | Crear | Villager (Male) |
| 15:39 | Crear | Villager (Male) |
| 15:39 | Crear | Villager (Male) |
| 15:40 | Construir | Farm |
| 16:00 | Crear | Villager (Male) |
| 16:00 | Crear | Villager (Male) |
| 16:07 | Construir | Archery Range |
| 16:11 | Crear | Villager (Male) |
| 16:11 | Crear | Villager (Male) |
| 16:12 | Crear | Villager (Male) |
| 16:12 | Crear | Villager (Male) |
| 16:12 | Crear | Villager (Male) |
| 16:17 | Crear | Villager (Male) |
| 16:27 | Construir | Farm |
| 16:29 | Construir | Farm |
| 16:31 | Crear | Villager (Male) |
| 16:40 | Construir | Siege Workshop |
| 16:44 | Construir | Stone Wall |
| 16:45 | Construir | Gate |
| 16:47 | Crear | Villager (Male) |
| 16:48 | Crear | Villager (Male) |
| 16:52 | Crear | Skirmisher |
| 16:52 | Crear | Skirmisher |
| 16:55 | Construir | Farm |
| 16:59 | Construir | Farm |
| 17:11 | Crear | Skirmisher |
| 17:18 | Crear | Villager (Male) |
| 17:22 | Crear | Villager (Male) |
| 17:31 | Construir | Archery Range |
| 17:32 | Crear | Villager (Male) |
| 17:38 | Construir | Gate |
| 17:41 | Crear | Villager (Male) |
| 17:48 | Crear | Genoese Crossbowman |
| 17:49 | Crear | Genoese Crossbowman |
| 17:57 | Investigar | Fletching |
| 17:58 | Crear | Villager (Male) |
| 18:02 | Construir | House |
| 18:05 | Crear | Villager (Male) |
| 18:27 | Crear | Archer |
| 18:27 | Crear | Skirmisher |
| 18:28 | Crear | Skirmisher |
| 18:49 | Construir | Archery Range |
| 18:51 | Crear | Villager (Male) |
| 18:51 | Crear | Villager (Male) |
| 18:51 | Crear | Villager (Male) |
| 18:52 | Crear | Villager (Male) |
| 19:01 | Crear | Villager (Male) |
| 19:01 | Crear | Villager (Male) |
| 19:01 | Crear | Villager (Male) |
| 19:03 | Construir | Farm |
| 19:04 | Construir | Farm |
| 19:15 | Construir | Farm |
| 19:15 | Construir | Farm |
| 19:16 | Construir | Farm |
| 19:16 | Construir | Farm |
| 19:18 | Crear | Villager (Male) |
| 19:29 | Crear | Skirmisher |
| 19:29 | Crear | Skirmisher |
| 19:30 | Crear | Skirmisher |
| 19:30 | Crear | Skirmisher |
| 19:31 | Crear | Skirmisher |
| 19:36 | Construir | House |
| 19:56 | Crear | Villager (Male) |
| 19:56 | Crear | Villager (Male) |
| 20:20 | Construir | House |
| 20:26 | Construir | House |
| 20:30 | Construir | House |
| 20:38 | Crear | Skirmisher |
| 20:55 | Crear | Villager (Male) |
| 20:55 | Crear | Villager (Male) |
| 20:55 | Crear | Villager (Male) |
| 21:02 | Crear | Skirmisher |
| 21:03 | Crear | Skirmisher |
| 21:03 | Crear | Skirmisher |
| 21:09 | Crear | Villager (Male) |
| 21:20 | Crear | Skirmisher |
| 21:20 | Crear | Skirmisher |
| 21:20 | Crear | Skirmisher |
| 21:20 | Crear | Skirmisher |
| 21:23 | Construir | House |
| 21:26 | Construir | House |
| 21:28 | Construir | House |
| 21:28 | Construir | House |
| 21:39 | Crear | Skirmisher |
| 21:39 | Crear | Skirmisher |
| 21:42 | Construir | House |
| 21:47 | Construir | Mill |
| 21:48 | Construir | Farm |
Build order — Rank
Primeras 150 de 325 acciones detectadas
| 0:01 | Crear | Villager (Male) |
| 0:01 | Crear | Villager (Male) |
| 0:16 | Construir | Lumber Camp |
| 0:20 | Crear | Villager (Male) |
| 0:27 | Crear | Villager (Male) |
| 0:27 | Crear | Villager (Male) |
| 1:29 | Crear | Villager (Male) |
| 1:29 | Crear | Villager (Male) |
| 1:29 | Crear | Villager (Male) |
| 1:37 | Construir | Mill |
| 2:02 | Construir | Mining Camp |
| 2:03 | Crear | Villager (Male) |
| 2:47 | Crear | Villager (Male) |
| 2:53 | Crear | Villager (Male) |
| 2:59 | Crear | Villager (Male) |
| 3:38 | Crear | Villager (Male) |
| 3:47 | Crear | Villager (Male) |
| 3:57 | Crear | Villager (Male) |
| 4:13 | Crear | Villager (Male) |
| 4:33 | Construir | Farm |
| 5:03 | Construir | Farm |
| 5:04 | Crear | Villager (Male) |
| 5:47 | Crear | Villager (Male) |
| 6:05 | Investigar | Feudal Age |
| 6:06 | Investigar | Feudal Age |
| 6:19 | Construir | Farm |
| 8:11 | Crear | Villager (Male) |
| 8:12 | Crear | Villager (Male) |
| 8:26 | Edad | Edad Feudal |
| 8:27 | Construir | Market |
| 8:29 | Construir | Blacksmith |
| 9:15 | Investigar | Castle Age |
| 9:16 | Investigar | Castle Age |
| 9:30 | Construir | Lumber Camp |
| 9:38 | Investigar | Double-Bit Axe |
| 9:51 | Construir | Farm |
| 9:51 | Construir | Farm |
| 9:55 | Construir | Farm |
| 10:05 | Investigar | Fletching |
| 10:26 | Construir | Farm |
| 10:32 | Investigar | Horse Collar |
| 10:32 | Investigar | Horse Collar |
| 11:30 | Crear | Villager (Male) |
| 11:56 | Edad | Edad de los Castillos |
| 12:03 | Investigar | Tech 1080 |
| 12:08 | Crear | Unit 1968 |
| 12:08 | Crear | Unit 1968 |
| 12:32 | Crear | Unit 1968 |
| 12:37 | Construir | University |
| 12:49 | Crear | Villager (Male) |
| 12:51 | Crear | Unit 1968 |
| 13:10 | Crear | Unit 1968 |
| 13:16 | Crear | Villager (Male) |
| 13:36 | Investigar | Bodkin Arrow |
| 13:47 | Crear | Villager (Male) |
| 13:49 | Construir | Farm |
| 13:54 | Crear | Unit 1968 |
| 14:08 | Crear | Unit 1968 |
| 14:12 | Crear | Villager (Male) |
| 14:26 | Crear | Villager (Male) |
| 14:30 | Crear | Villager (Male) |
| 14:43 | Crear | Unit 1968 |
| 14:58 | Crear | Unit 1968 |
| 15:01 | Investigar | Padded Archer Armor |
| 15:02 | Crear | Villager (Male) |
| 15:06 | Construir | House |
| 15:07 | Construir | House |
| 15:09 | Construir | House |
| 15:19 | Crear | Unit 1968 |
| 15:41 | Crear | Unit 1968 |
| 15:56 | Crear | Unit 1968 |
| 16:04 | Crear | Unit 1968 |
| 16:06 | Crear | Villager (Male) |
| 16:20 | Crear | Villager (Male) |
| 16:25 | Investigar | Gold Mining |
| 16:31 | Investigar | Bow Saw |
| 16:38 | Crear | Villager (Male) |
| 16:49 | Crear | Unit 1968 |
| 16:50 | Crear | Unit 1968 |
| 16:56 | Crear | Villager (Male) |
| 16:59 | Construir | Farm |
| 17:08 | Crear | Unit 1968 |
| 17:14 | Crear | Unit 1968 |
| 17:28 | Crear | Unit 1968 |
| 17:39 | Crear | Unit 1968 |
| 17:46 | Crear | Villager (Male) |
| 17:49 | Construir | Farm |
| 17:53 | Crear | Unit 1968 |
| 17:59 | Crear | Unit 1968 |
| 18:00 | Crear | Villager (Male) |
| 18:08 | Investigar | Wheelbarrow |
| 18:38 | Crear | Unit 1968 |
| 18:40 | Crear | Villager (Male) |
| 18:42 | Construir | House |
| 18:43 | Construir | House |
| 18:54 | Construir | University |
| 18:59 | Crear | Unit 1968 |
| 19:06 | Crear | Unit 1968 |
| 19:14 | Crear | Unit 1968 |
| 19:15 | Crear | Villager (Male) |
| 19:17 | Crear | Unit 1968 |
| 19:31 | Crear | Villager (Male) |
| 19:43 | Crear | Unit 1968 |
| 19:48 | Crear | Unit 1968 |
| 19:58 | Crear | Unit 1968 |
| 19:59 | Crear | Villager (Male) |
| 20:02 | Crear | Villager (Male) |
| 20:05 | Construir | House |
| 20:11 | Crear | Unit 1968 |
| 20:13 | Crear | Villager (Male) |
| 20:18 | Crear | Unit 1968 |
| 20:27 | Crear | Unit 1968 |
| 20:27 | Crear | Villager (Male) |
| 20:30 | Construir | House |
| 20:33 | Construir | House |
| 20:34 | Construir | House |
| 20:36 | Crear | Villager (Male) |
| 20:38 | Investigar | Heavy Plow |
| 20:42 | Investigar | Loom |
| 20:51 | Crear | Unit 1968 |
| 21:01 | Crear | Unit 1968 |
| 21:09 | Crear | Unit 1968 |
| 21:38 | Crear | Unit 1968 |
| 21:38 | Crear | Villager (Male) |
| 21:40 | Investigar | Guard Tower (upgrade) |
| 21:44 | Investigar | Leather Archer Armor |
| 21:48 | Crear | Unit 1968 |
| 21:48 | Crear | Villager (Male) |
| 21:56 | Investigar | Ballistics |
| 21:57 | Crear | Unit 1968 |
| 22:01 | Crear | Villager (Male) |
| 22:28 | Crear | Unit 1968 |
| 22:28 | Crear | Unit 1968 |
| 22:33 | Crear | Unit 1968 |
| 22:33 | Crear | Villager (Male) |
| 22:38 | Construir | House |
| 22:39 | Construir | House |
| 22:40 | Construir | House |
| 23:00 | Crear | Unit 1968 |
| 23:32 | Crear | Villager (Male) |
| 23:56 | Crear | Unit 1968 |
| 23:56 | Crear | Villager (Male) |
| 24:06 | Construir | Lumber Camp |
| 24:22 | Construir | Town Center |
| 24:42 | Crear | Villager (Male) |
| 24:55 | Crear | Villager (Male) |
| 24:58 | Construir | House |
| 25:07 | Crear | Villager (Male) |
| 25:07 | Crear | Villager (Male) |
| 25:08 | Crear | Villager (Male) |
Build order — oceaningabyss
Primeras 150 de 389 acciones detectadas
| 0:02 | Crear | Villager (Male) |
| 0:20 | Construir | Settlement |
| 0:21 | Crear | Villager (Male) |
| 0:22 | Crear | Villager (Male) |
| 0:22 | Crear | Villager (Male) |
| 0:43 | Construir | Settlement |
| 1:27 | Crear | Villager (Male) |
| 1:36 | Crear | Villager (Male) |
| 2:09 | Crear | Villager (Male) |
| 2:32 | Crear | Villager (Male) |
| 2:46 | Crear | Villager (Male) |
| 2:49 | Crear | Villager (Male) |
| 3:06 | Crear | Villager (Male) |
| 3:11 | Crear | Villager (Male) |
| 3:30 | Construir | Farm |
| 3:33 | Crear | Villager (Male) |
| 3:55 | Crear | Villager (Male) |
| 4:10 | Crear | Villager (Male) |
| 4:10 | Crear | Villager (Male) |
| 4:23 | Crear | Villager (Male) |
| 4:36 | Crear | Villager (Male) |
| 4:36 | Crear | Villager (Male) |
| 4:50 | Construir | Farm |
| 4:51 | Crear | Villager (Male) |
| 4:58 | Construir | Farm |
| 5:08 | Crear | Villager (Male) |
| 5:28 | Crear | Villager (Male) |
| 5:43 | Crear | Villager (Male) |
| 5:57 | Crear | Villager (Male) |
| 6:02 | Construir | Farm |
| 6:34 | Construir | Farm |
| 6:54 | Construir | Farm |
| 7:18 | Construir | Settlement |
| 7:23 | Investigar | Feudal Age |
| 9:08 | Construir | Farm |
| 9:41 | Construir | Farm |
| 9:50 | Construir | Farm |
| 10:07 | Edad | Edad Feudal |
| 10:10 | Construir | Blacksmith |
| 10:14 | Construir | Market |
| 10:15 | Crear | Villager (Male) |
| 10:16 | Crear | Villager (Male) |
| 11:01 | Crear | Villager (Male) |
| 11:04 | Investigar | Castle Age |
| 11:25 | Investigar | Horse Collar |
| 11:25 | Investigar | Double-Bit Axe |
| 11:29 | Investigar | Double-Bit Axe |
| 11:31 | Construir | Farm |
| 11:43 | Construir | Farm |
| 13:45 | Edad | Edad de los Castillos |
| 13:52 | Construir | Town Center |
| 14:13 | Construir | Town Center |
| 14:23 | Crear | Villager (Male) |
| 14:24 | Crear | Villager (Male) |
| 14:28 | Construir | Farm |
| 14:30 | Construir | Farm |
| 14:34 | Construir | Farm |
| 14:37 | Investigar | Heavy Plow |
| 14:39 | Investigar | Wheelbarrow |
| 14:52 | Construir | Farm |
| 15:18 | Crear | Villager (Male) |
| 15:19 | Crear | Villager (Male) |
| 15:22 | Construir | Farm |
| 15:23 | Construir | Farm |
| 15:27 | Construir | Farm |
| 15:29 | Construir | Farm |
| 15:29 | Construir | Farm |
| 15:29 | Construir | Farm |
| 15:30 | Construir | Farm |
| 15:30 | Construir | Farm |
| 15:30 | Construir | Farm |
| 15:45 | Crear | Villager (Male) |
| 15:45 | Crear | Villager (Male) |
| 15:46 | Crear | Villager (Male) |
| 15:46 | Crear | Villager (Male) |
| 15:46 | Crear | Villager (Male) |
| 15:48 | Construir | Farm |
| 15:59 | Construir | Farm |
| 16:01 | Crear | Villager (Male) |
| 16:01 | Crear | Villager (Male) |
| 16:07 | Construir | Farm |
| 16:22 | Construir | Farm |
| 16:24 | Crear | Villager (Male) |
| 16:24 | Crear | Villager (Male) |
| 16:25 | Crear | Villager (Male) |
| 16:25 | Crear | Villager (Male) |
| 16:25 | Crear | Villager (Male) |
| 16:25 | Crear | Villager (Male) |
| 16:34 | Construir | Farm |
| 17:04 | Crear | Villager (Male) |
| 17:09 | Investigar | Bow Saw |
| 17:14 | Crear | Villager (Male) |
| 17:17 | Crear | Villager (Male) |
| 17:39 | Construir | Town Center |
| 17:41 | Crear | Villager (Male) |
| 17:42 | Crear | Villager (Male) |
| 17:45 | Construir | Farm |
| 17:48 | Construir | Farm |
| 17:50 | Construir | Farm |
| 17:50 | Crear | Villager (Male) |
| 18:04 | Crear | Villager (Male) |
| 18:06 | Construir | Farm |
| 18:13 | Construir | Farm |
| 18:15 | Crear | Villager (Male) ×5 |
| 18:23 | Crear | Villager (Male) |
| 18:23 | Crear | Villager (Male) |
| 18:24 | Crear | Villager (Male) |
| 18:29 | Crear | Villager (Male) |
| 18:29 | Crear | Villager (Male) |
| 18:29 | Crear | Villager (Male) |
| 18:30 | Crear | Villager (Male) |
| 18:40 | Construir | House |
| 18:41 | Construir | House |
| 18:52 | Construir | Stone Wall |
| 19:01 | Construir | Farm |
| 19:02 | Crear | Villager (Male) |
| 19:02 | Crear | Villager (Male) |
| 19:03 | Crear | Villager (Male) |
| 19:06 | Construir | Farm |
| 19:09 | Crear | Villager (Male) |
| 19:14 | Construir | Farm |
| 19:16 | Construir | Farm |
| 19:17 | Crear | Villager (Male) |
| 19:22 | Crear | Villager (Male) |
| 19:22 | Crear | Villager (Male) |
| 19:23 | Crear | Villager (Male) |
| 19:23 | Crear | Villager (Male) |
| 19:30 | Construir | Farm |
| 19:32 | Crear | Villager (Male) |
| 19:53 | Crear | Villager (Male) |
| 19:54 | Crear | Villager (Male) |
| 19:54 | Crear | Villager (Male) |
| 19:57 | Construir | Settlement |
| 19:59 | Crear | Villager (Male) |
| 19:59 | Crear | Villager (Male) |
| 19:59 | Crear | Villager (Male) |
| 20:01 | Crear | Villager (Male) |
| 20:01 | Crear | Villager (Male) |
| 20:02 | Crear | Villager (Male) |
| 20:04 | Construir | Farm |
| 20:12 | Crear | Villager (Male) |
| 20:13 | Crear | Villager (Male) |
| 20:13 | Crear | Villager (Male) |
| 20:13 | Crear | Villager (Male) |
| 20:16 | Construir | Farm |
| 20:20 | Crear | Villager (Male) |
| 20:20 | Crear | Villager (Male) |
| 20:27 | Construir | Farm |
| 20:31 | Crear | Villager (Male) |
| 20:39 | Construir | Farm |
Build order — EXILE | TurtleS3
Primeras 150 de 592 acciones detectadas
| 0:02 | Crear | Villager (Male) |
| 0:02 | Crear | Villager (Male) |
| 0:02 | Crear | Villager (Male) |
| 0:37 | Crear | Villager (Male) |
| 0:47 | Construir | Lumber Camp |
| 1:05 | Crear | Villager (Male) |
| 1:32 | Crear | Villager (Male) |
| 2:09 | Crear | Villager (Male) |
| 2:09 | Crear | Villager (Male) |
| 2:09 | Crear | Villager (Male) |
| 2:39 | Crear | Villager (Male) |
| 2:45 | Crear | Villager (Male) |
| 3:09 | Crear | Villager (Male) |
| 3:31 | Crear | Villager (Male) |
| 3:55 | Construir | Mill |
| 4:39 | Construir | Farm |
| 4:45 | Construir | Farm |
| 4:57 | Construir | Farm |
| 4:59 | Construir | Farm |
| 5:02 | Construir | Farm |
| 5:04 | Construir | Farm |
| 5:09 | Construir | Farm |
| 5:23 | Crear | Villager (Male) |
| 5:39 | Crear | Villager (Male) |
| 6:07 | Construir | Mining Camp |
| 6:12 | Investigar | Feudal Age |
| 6:16 | Investigar | Feudal Age |
| 7:00 | Crear | Villager (Male) |
| 7:01 | Crear | Villager (Male) |
| 7:35 | Edad | Edad Feudal |
| 7:39 | Crear | Villager (Male) |
| 7:42 | Construir | Market |
| 8:02 | Construir | Blacksmith |
| 9:05 | Investigar | Castle Age |
| 9:05 | Investigar | Castle Age |
| 9:05 | Investigar | Castle Age |
| 9:22 | Construir | Lumber Camp |
| 9:25 | Crear | Villager (Male) |
| 9:52 | Crear | Villager (Male) |
| 9:56 | Investigar | Double-Bit Axe |
| 9:56 | Investigar | Double-Bit Axe |
| 10:12 | Investigar | Horse Collar |
| 10:13 | Investigar | Horse Collar |
| 10:41 | Edad | Edad de los Castillos |
| 11:02 | Crear | Villager (Male) |
| 11:10 | Construir | Town Center |
| 11:21 | Construir | Town Center |
| 11:23 | Crear | Villager (Male) |
| 11:50 | Crear | Villager (Male) |
| 12:01 | Construir | Town Center |
| 12:06 | Crear | Villager (Male) |
| 12:34 | Crear | Villager (Male) |
| 12:34 | Crear | Villager (Male) |
| 12:37 | Construir | Lumber Camp |
| 12:51 | Crear | Villager (Male) |
| 12:58 | Crear | Villager (Male) |
| 13:02 | Construir | Farm |
| 13:04 | Crear | Villager (Male) |
| 13:13 | Construir | Mining Camp |
| 13:16 | Crear | Villager (Male) |
| 13:17 | Crear | Villager (Male) |
| 13:27 | Crear | Villager (Male) |
| 13:32 | Crear | Villager (Male) |
| 13:35 | Construir | Farm |
| 13:51 | Crear | Villager (Male) |
| 13:53 | Crear | Villager (Male) |
| 13:53 | Crear | Villager (Male) |
| 13:55 | Construir | Farm |
| 13:58 | Construir | Farm |
| 14:00 | Construir | Farm |
| 14:01 | Construir | Farm |
| 14:05 | Construir | Farm |
| 14:06 | Crear | Villager (Male) |
| 14:07 | Crear | Villager (Male) |
| 14:20 | Construir | Farm |
| 14:24 | Construir | Farm |
| 14:26 | Construir | Farm |
| 14:32 | Construir | Farm |
| 14:36 | Crear | Villager (Male) |
| 14:37 | Crear | Villager (Male) |
| 14:37 | Crear | Villager (Male) |
| 14:45 | Construir | Farm |
| 14:46 | Construir | Farm |
| 14:50 | Crear | Villager (Male) |
| 14:50 | Crear | Villager (Male) |
| 15:02 | Crear | Villager (Male) |
| 15:07 | Crear | Villager (Male) |
| 15:12 | Construir | Farm |
| 15:16 | Construir | Farm |
| 15:22 | Crear | Villager (Male) |
| 15:27 | Crear | Villager (Male) |
| 15:27 | Crear | Villager (Male) |
| 15:32 | Construir | House |
| 15:42 | Investigar | Wheelbarrow |
| 15:45 | Construir | Farm |
| 15:47 | Construir | House |
| 15:49 | Construir | House |
| 15:53 | Crear | Villager (Male) |
| 15:56 | Crear | Villager (Male) |
| 15:57 | Construir | Farm |
| 16:00 | Construir | Farm |
| 16:05 | Construir | Farm |
| 16:09 | Crear | Villager (Male) |
| 16:09 | Crear | Villager (Male) |
| 16:10 | Construir | Farm |
| 16:13 | Construir | Farm |
| 16:19 | Crear | Villager (Male) |
| 16:32 | Crear | Villager (Male) |
| 16:40 | Crear | Villager (Male) |
| 16:40 | Crear | Villager (Male) |
| 16:52 | Construir | Town Center |
| 16:53 | Crear | Villager (Male) |
| 16:53 | Crear | Villager (Male) |
| 16:56 | Construir | Farm |
| 17:01 | Crear | Villager (Male) |
| 17:04 | Construir | Farm |
| 17:08 | Construir | Farm |
| 17:12 | Crear | Villager (Male) |
| 17:14 | Crear | Villager (Male) |
| 17:14 | Crear | Villager (Male) |
| 17:19 | Construir | House |
| 17:21 | Construir | House |
| 17:22 | Investigar | Bow Saw |
| 17:42 | Crear | Villager (Male) |
| 17:42 | Crear | Villager (Male) |
| 17:55 | Crear | Villager (Male) |
| 17:59 | Crear | Villager (Male) |
| 18:02 | Investigar | Heavy Plow |
| 18:08 | Crear | Villager (Male) |
| 18:13 | Construir | Mill |
| 18:14 | Construir | Farm |
| 18:14 | Construir | Farm |
| 18:15 | Construir | Farm |
| 18:16 | Construir | Farm |
| 18:19 | Crear | Villager (Male) |
| 18:24 | Crear | Villager (Male) |
| 18:28 | Construir | Farm |
| 18:30 | Crear | Villager (Male) |
| 18:30 | Crear | Villager (Male) |
| 18:33 | Crear | Villager (Male) |
| 18:43 | Construir | Monastery |
| 18:46 | Crear | Villager (Male) |
| 18:59 | Construir | Town Center |
| 19:02 | Construir | Farm |
| 19:05 | Crear | Villager (Male) |
| 19:05 | Crear | Villager (Male) |
| 19:06 | Crear | Villager (Male) |
| 19:12 | Construir | Farm |
| 19:14 | Construir | Farm |
| 19:17 | Construir | Farm |
Build order — aureliusofrome
Primeras 150 de 457 acciones detectadas
| 0:01 | Crear | Villager (Male) |
| 0:01 | Crear | Villager (Male) |
| 0:22 | Construir | Lumber Camp |
| 0:43 | Crear | Villager (Male) |
| 1:08 | Crear | Villager (Male) |
| 1:08 | Crear | Villager (Male) |
| 1:56 | Crear | Villager (Male) |
| 2:16 | Crear | Villager (Male) |
| 2:42 | Crear | Villager (Male) |
| 3:25 | Crear | Villager (Male) |
| 3:26 | Crear | Villager (Male) |
| 3:27 | Crear | Villager (Male) |
| 3:27 | Crear | Villager (Male) |
| 3:31 | Construir | Mill |
| 3:58 | Crear | Villager (Male) |
| 4:15 | Construir | Farm |
| 4:22 | Construir | Farm |
| 4:23 | Crear | Villager (Male) |
| 4:42 | Crear | Villager (Male) |
| 5:21 | Construir | Farm |
| 5:42 | Crear | Villager (Male) |
| 5:48 | Crear | Villager (Male) |
| 6:33 | Crear | Villager (Male) |
| 6:48 | Construir | Mining Camp |
| 6:57 | Investigar | Feudal Age |
| 9:11 | Crear | Villager (Male) |
| 9:21 | Crear | Villager (Male) |
| 9:45 | Edad | Edad Feudal |
| 9:47 | Construir | Market |
| 9:50 | Construir | Blacksmith |
| 10:01 | Investigar | Double-Bit Axe |
| 10:04 | Investigar | Horse Collar |
| 10:14 | Construir | Farm |
| 10:15 | Construir | Farm |
| 10:15 | Construir | Farm |
| 10:15 | Construir | Farm |
| 10:16 | Construir | Farm |
| 10:16 | Construir | Farm |
| 10:16 | Construir | Farm |
| 10:16 | Construir | Farm |
| 10:17 | Construir | Farm |
| 10:17 | Construir | Farm |
| 10:18 | Construir | Farm |
| 10:18 | Construir | Farm |
| 10:18 | Construir | Farm |
| 10:18 | Construir | Farm |
| 10:19 | Construir | Farm |
| 10:20 | Construir | Farm |
| 10:20 | Construir | Farm |
| 10:21 | Construir | Farm |
| 10:21 | Construir | Farm |
| 10:35 | Construir | Farm |
| 10:36 | Investigar | Castle Age |
| 12:52 | Crear | Villager (Male) |
| 13:16 | Edad | Edad de los Castillos |
| 13:18 | Investigar | Bow Saw |
| 13:24 | Crear | Villager (Male) |
| 13:31 | Construir | Town Center |
| 13:34 | Crear | Villager (Male) |
| 13:47 | Crear | Villager (Male) |
| 14:07 | Investigar | Heavy Plow |
| 14:09 | Crear | Villager (Male) |
| 14:33 | Crear | Villager (Male) |
| 15:08 | Crear | Villager (Male) |
| 15:35 | Construir | Town Center |
| 15:38 | Crear | Villager (Male) |
| 15:39 | Crear | Villager (Male) |
| 15:39 | Crear | Villager (Male) |
| 15:39 | Crear | Villager (Male) |
| 16:08 | Crear | Villager (Male) |
| 16:09 | Crear | Villager (Male) |
| 16:09 | Crear | Villager (Male) |
| 16:09 | Crear | Villager (Male) |
| 16:10 | Crear | Villager (Male) |
| 16:10 | Crear | Villager (Male) |
| 16:44 | Construir | Town Center |
| 16:46 | Investigar | Scale Mail Armor |
| 16:49 | Crear | Petard |
| 16:49 | Crear | Petard |
| 16:49 | Crear | Petard |
| 16:49 | Crear | Petard |
| 16:50 | Crear | Petard |
| 16:58 | Crear | Huskarl |
| 16:58 | Crear | Villager (Male) |
| 16:59 | Crear | Villager (Male) |
| 16:59 | Crear | Villager (Male) |
| 17:01 | Crear | Huskarl |
| 17:01 | Crear | Huskarl |
| 17:05 | Crear | Huskarl |
| 17:06 | Crear | Huskarl |
| 17:18 | Construir | Farm |
| 17:18 | Construir | Farm |
| 17:19 | Construir | Farm |
| 17:19 | Construir | Farm |
| 17:25 | Crear | Villager (Male) |
| 17:29 | Crear | Villager (Male) |
| 17:41 | Crear | Villager (Male) |
| 17:41 | Crear | Villager (Male) |
| 17:51 | Construir | Farm |
| 17:51 | Construir | Farm |
| 17:51 | Construir | Farm |
| 17:51 | Construir | Farm |
| 17:52 | Construir | Farm |
| 17:52 | Construir | Farm |
| 18:06 | Crear | Villager (Male) |
| 18:06 | Crear | Villager (Male) |
| 18:06 | Crear | Villager (Male) |
| 18:26 | Construir | Farm |
| 18:35 | Crear | Huskarl |
| 18:35 | Crear | Huskarl |
| 18:35 | Crear | Huskarl |
| 18:36 | Crear | Huskarl |
| 18:36 | Crear | Huskarl |
| 18:44 | Construir | Farm |
| 18:46 | Construir | Farm |
| 18:58 | Investigar | Chain Mail Armor |
| 19:08 | Construir | House |
| 19:14 | Construir | House |
| 19:15 | Construir | House |
| 19:25 | Construir | Farm |
| 19:26 | Construir | Farm |
| 19:26 | Construir | Farm |
| 19:26 | Construir | Farm |
| 19:26 | Construir | Farm |
| 19:27 | Construir | Farm |
| 19:27 | Construir | Farm |
| 19:27 | Construir | Farm |
| 19:27 | Construir | Farm |
| 19:28 | Construir | Farm |
| 19:35 | Construir | House |
| 19:35 | Construir | House |
| 19:36 | Construir | House |
| 19:36 | Construir | House |
| 19:38 | Construir | House |
| 19:38 | Construir | House |
| 19:39 | Crear | Huskarl ×3 |
| 19:42 | Crear | Villager (Male) |
| 19:43 | Crear | Villager (Male) |
| 19:43 | Crear | Villager (Male) |
| 19:43 | Crear | Villager (Male) |
| 19:53 | Construir | Farm |
| 19:54 | Construir | Farm |
| 19:54 | Construir | Farm |
| 19:54 | Construir | Farm |
| 19:54 | Construir | Farm |
| 19:55 | Construir | Farm |
| 19:55 | Construir | Farm |
| 19:55 | Construir | Farm |
| 19:56 | Construir | Farm |
| 19:58 | Crear | Villager (Male) |
Cronología de la partida
| 6:47 | chrizbee · age_up feudal |
| 7:13 | SSx_Sinistro · age_up feudal |
| 7:35 | EXILE | TurtleS3 · age_up feudal |
| 8:26 | Rank · age_up feudal |
| 8:52 | p0ni bL0ss0m · age_up feudal |
| 9:41 | aawwd · age_up feudal |
| 9:45 | aureliusofrome · age_up feudal |
| 10:07 | oceaningabyss · age_up feudal |
| 10:34 | aawwd · first_market_sell 100 food |
| 10:41 | EXILE | TurtleS3 · age_up castle |
| 11:00 | chrizbee · age_up castle |
| 11:21 | SSx_Sinistro · age_up castle |
| 11:37 | SSx_Sinistro · first_market_buy 100 wood |
| 11:56 | Rank · age_up castle |
| 12:26 | p0ni bL0ss0m · age_up castle |
| 12:53 | SSx_Sinistro · first_building Monastery |
| 13:15 | aawwd · age_up castle |
| 13:16 | aureliusofrome · age_up castle |
| 13:22 | aureliusofrome · first_market_buy 500 wood |
| 13:26 | aawwd · first_market_buy 100 wood |
| 13:35 | Rank · first_market_sell 100 wood |
| 13:45 | oceaningabyss · age_up castle |
| 14:04 | p0ni bL0ss0m · first_market_buy 100 food |
| 14:33 | aawwd · wall_segment Palisade Wall x1 |
| 14:38 | aawwd · wall_segment Palisade Wall x1 |
| 14:49 | aawwd · wall_segment Palisade Wall x1 |
| 16:07 | aawwd · first_building Archery Range |
| 16:40 | aawwd · first_building Siege Workshop |
| 16:44 | aawwd · wall_segment Stone Wall x5 |
| 17:35 | SSx_Sinistro · wall_segment Stone Wall x4 |
| 18:12 | chrizbee · first_market_buy 100 food |
| 18:31 | aureliusofrome · first_market_sell 500 wood |
| 18:33 | p0ni bL0ss0m · wall_segment Stone Wall x3 |
| 18:40 | p0ni bL0ss0m · wall_segment Stone Wall x17 |
| 18:41 | p0ni bL0ss0m · wall_segment Stone Wall x1 |
| 18:43 | EXILE | TurtleS3 · first_building Monastery |
| 18:44 | SSx_Sinistro · wall_segment Stone Wall x12 |
| 18:50 | SSx_Sinistro · wall_segment Stone Wall x1 |
| 18:52 | oceaningabyss · wall_segment Stone Wall x4 |
| 18:59 | p0ni bL0ss0m · first_market_sell 100 food |
| 19:05 | SSx_Sinistro · wall_segment Stone Wall x4 |
| 19:40 | EXILE | TurtleS3 · wall_segment Stone Wall x14 |
| 21:10 | oceaningabyss · wall_segment Stone Wall x10 |
| 21:37 | chrizbee · wall_segment Stone Wall x16 |
| 21:55 | EXILE | TurtleS3 · wall_segment Stone Wall x17 |
| 22:09 | chrizbee · first_building Castle |
| 22:13 | p0ni bL0ss0m · first_building Barracks |
| 22:31 | oceaningabyss · first_building Barracks |
| 22:51 | chrizbee · first_market_sell 500 wood |
| 23:02 | EXILE | TurtleS3 · wall_segment Stone Wall x1 |
| 23:19 | aureliusofrome · first_building Barracks |
| 23:19 | aawwd · wall_segment Stone Wall x1 |
| 23:20 | SSx_Sinistro · first_building Siege Workshop |
| 23:32 | oceaningabyss · first_building Castle |
| 23:36 | oceaningabyss · first_building Archery Range |
| 24:29 | p0ni bL0ss0m · first_building Archery Range |
| 24:38 | p0ni bL0ss0m · first_building Castle |
| 25:14 | SSx_Sinistro · age_up imperial |
| 25:19 | chrizbee · first_building Barracks |
| 25:48 | SSx_Sinistro · first_building Barracks |
| 25:52 | p0ni bL0ss0m · first_building Siege Workshop |
| 25:56 | chrizbee · wall_segment Stone Wall x16 |
| 26:12 | EXILE | TurtleS3 · wall_segment Stone Wall x11 |
| 26:13 | EXILE | TurtleS3 · age_up imperial |
| 26:14 | p0ni bL0ss0m · age_up imperial |
| 26:23 | chrizbee · first_building Stable |
| 26:28 | EXILE | TurtleS3 · first_building Barracks |
| 26:31 | oceaningabyss · age_up imperial |
| 27:00 | EXILE | TurtleS3 · first_building Stable |
| 27:22 | chrizbee · age_up imperial |
| 27:50 | aawwd · wall_segment Stone Wall x33 |
| 27:59 | SSx_Sinistro · first_building Stable |
| 28:14 | aawwd · wall_segment Stone Wall x3 |
| 28:42 | Rank · age_up imperial |
| 29:35 | Rank · first_market_buy 100 food |
| 29:45 | chrizbee · wall_segment Stone Wall x8 |
| 29:52 | aureliusofrome · first_building Castle |
| 30:03 | Rank · first_building Castle |
| 30:41 | SSx_Sinistro · first_building Castle |
| 30:44 | chrizbee · wall_segment Stone Wall x6 |
| 30:50 | EXILE | TurtleS3 · first_building Castle |
| 31:20 | aureliusofrome · age_up imperial |
| 32:12 | oceaningabyss · first_market_buy 100 wood |
| 32:20 | oceaningabyss · first_building Siege Workshop |
| 32:30 | EXILE | TurtleS3 · first_market_sell 500 food |
| 32:56 | aawwd · first_building Castle |
| 33:15 | aawwd · wall_segment Stone Wall x1 |
| 33:23 | EXILE | TurtleS3 · wall_segment Stone Wall x1 |
| 33:29 | EXILE | TurtleS3 · first_market_buy 100 stone |
| 33:33 | aureliusofrome · first_building Siege Workshop |
| 33:36 | EXILE | TurtleS3 · wall_segment Stone Wall x1 |
| 33:48 | Rank · first_building Siege Workshop |
| 33:58 | aureliusofrome · tribute_sent a jugador 1 |
| 33:58 | aureliusofrome · tribute_sent a jugador 2 |
| 33:58 | aureliusofrome · tribute_sent a jugador 3 |
| 33:58 | aureliusofrome · tribute_sent a jugador 4 |
| 33:58 | aureliusofrome · tribute_sent a jugador 5 |
| 33:58 | aureliusofrome · tribute_sent a jugador 6 |
| 33:58 | aureliusofrome · tribute_sent a jugador 7 |
| 34:40 | chrizbee · tribute_sent a jugador 1 |
| 34:40 | chrizbee · tribute_sent a jugador 2 |
| 34:40 | chrizbee · tribute_sent a jugador 4 |
| 34:40 | chrizbee · tribute_sent a jugador 5 |
| 34:40 | chrizbee · tribute_sent a jugador 6 |
| 34:40 | chrizbee · tribute_sent a jugador 7 |
| 34:40 | chrizbee · tribute_sent a jugador 8 |
| 35:29 | aawwd · first_building Monastery |
| 35:31 | EXILE | TurtleS3 · wall_segment Stone Wall x1 |
| 35:35 | EXILE | TurtleS3 · wall_segment Stone Wall x1 |
| 37:11 | aawwd · age_up imperial |
| 38:49 | p0ni bL0ss0m · resign |
[ ANÁLISIS IA · 1 CRÉDITO ]
¿Qué pasó realmente en esta partida?
Wolo.gg analiza cada decisión: build order, eco, micro, errores típicos por bracket. Análisis personalizado por WhatsApp o Discord en 30 segundos.
Guía civ
Bizantinos
Perfil
chrizbee